[Event "Early-Titled-Tuesday-Blitz-May-14-2024"]
[Site "Chess.com"]
[Date "2024.05.14"]
[Round "4"]
[White "TomLiu777"]
[Black "KINGOF2SOAP"]
[Result "1-0"]
[WhiteElo "2266"]
[BlackElo "2404"]
[TimeControl "180+1"]
[EndTime "8:42:10 PDT"]
[Termination "TomLiu777 won by checkmate"]

1. d4 d6 2. Nf3 g6 3. g3 Bg7 4. h4 Nf6 5. Nc3 Nbd7 6. e4 c5 7. e5 dxe5 8. dxe5 Ng4 9. e6 fxe6 10. h5 Qa5 11. Bd2 c4 12. Bxc4 Qc5 13. Qe2 Nxf2 14. Qxe6 Rf8 15. Be3 Qb4 16. Kxf2 Ne5 17. Bb5+ Qxb5 18. Nxb5 Bxe6 19. Nc7+ Kd7 20. Nxa8 Rxf3+ 21. Ke2 Bg4 22. Bf4 Rxf4+ 23. Kd2 Rf2+ 24. Kc3 Nc6+ 25. Kb3 Rf3+ 26. c3 Be6+ 27. Ka4 Rxg3 28. Rhe1 Rg4+ 29. Ka3 a5 30. Rad1+ Kc8 31. Rxe6 gxh5 32.
Re2 Rf4 33. Nb6+ Kc7 34. Nd5+ Kb8 35. Nxf4 b5 36. Nxh5 b4+ 37. cxb4 axb4+ 38. Kb3 Nd4+ 39. Rxd4 Bxd4 40. Rxe7 Be3 41. Rxh7 Bg5 42. Kxb4 Bc1 43. b3 Bb2 44. a3 Ka8 45. a4 Kb8 46. a5 Ka8 47. a6 Kb8 48. Ng3 Ka8 49. Ne4 Bc1 50.
Nc3 Bd2 51. Kc4 Bxc3 52. Kxc3 Kb8 53. b4 Ka8 54. b5 Kb8 55. b6 Kc8 56. b7+ Kb8 57.
Rh8+ Kc7 58. b8=Q+ Kc6 59. a7 Kd7 60. a8=Q Ke7 61.
Qab7+ Kf6 62. Qd6+ Kg5 63. Qe5+ Kg4 64. Qg2# 1-0

[Event "Early-Titled-Tuesday-Blitz-May-14-2024"]
[Site "Chess.com"]
[Date "2024.05.14"]
[Round "4"]
[White "TigrVShlyape"]
[Black "Suleyman_Chess06"]
[Result "1-0"]
[WhiteElo "2958"]
[BlackElo "2793"]
[TimeControl "180+1"]
[EndTime "8:42:11 PDT"]
[Termination "TigrVShlyape won by resignation"]

1. e4 e6 2. d4 d5 3. Nc3 Nf6 4. e5 Nfd7 5. f4 c5 6. Nf3 Nc6 7. Ne2 cxd4 8. Nexd4 Nc5 9. c3 Ne4 10. Be3 Bc5 11. Bd3 O-O 12. Qc2 Nxd4 13. Nxd4 Qb6 14. O-O Bd7 15. a4 a5 16. Kh1 Bc6 17. f5 exf5 18. Rxf5 Rac8 19. Raf1 Bd7 20. R5f4 Qg6 21. Bxe4 dxe4 22. Qxe4 Qxe4 23. Rxe4 Bxa4 24. Nf5 Bc2 25. Bxc5 Rxc5 26. Ne7+ Kh8 27. Re3 Bb3 28. Nf5 Re8 29. Nd4 Bc4 30. Rfe1 h6 31. h4 a4 32. Kh2 b5 33. g4 g6 34. Kg3 Kg7 35. h5 Rc7 36.
hxg6 fxg6 37. e6 Rce7 38. Re5 Kf6 39. Rc5 Bxe6 40. Rc6 Kf7 41. Nxb5 Rd8 42. Nd4 Rde8 43. Ra6 Bb3 44. Rxe7+ Rxe7 45. Nxb3 axb3 46. Rb6 Re2 47. Rxb3 Kf6 48. Rb5 Re3+ 49. Kf2 Rh3 50. Kg2 Rd3 51. Kf2 Kg7 52. Rb6 Kf7 53. Ke2 Rh3 54. c4 Rh4 55. c5 Rxg4 56. c6 Rc4 57. b4 Ke6 58. b5 Kd6 59.
Rb7 g5 60. Rd7+ Ke6 61. Rd8 Rc5 62. b6 Rxc6 63. b7 Rc2+ 64. Kd3 Rb2 65. b8=Q Rxb8 66.
Rxb8 Kf5 67. Ke3 Kg4 68. Kf2 h5 69. Kg2 Kh4 70. Rb4+ g4 71. Rb5 g3 72. Rb4+ Kg5 73.
Kxg3 1-0

[Event "Early-Titled-Tuesday-Blitz-May-14-2024"]
[Site "Chess.com"]
[Date "2024.05.14"]
[Round "4"]
[White "guillembaches"]
[Black "RandomNoob04"]
[Result "1/2-1/2"]
[WhiteElo "2574"]
[BlackElo "2745"]
[TimeControl "180+1"]
[EndTime "8:42:11 PDT"]
[Termination "Game drawn by agreement"]

1. d4 Nf6 2. Nf3 c5 3. e3 g6 4.
Bd3 Bg7 5. O-O O-O 6. b3 cxd4 7. exd4 d5 8. Bb2 Nc6 9. a3 Bf5 10. Bxf5 gxf5 11. c4 e6 12. Nc3 Ne4 13. Nxe4 dxe4 14.
Ne5 Nxe5 15. dxe5 Qc7 16. f4 exf3 17. Qxf3 Bxe5 18. Bxe5 Qxe5 19. Rae1 Qc5+ 20. Kh1 Qc7 21. Qh5 Kh8 22. Qg5 Rg8 23. Qf6+ Rg7 24. Rd1 Rg8 25. Rf2 Qc5 26. Rfd2 Qc6 27. b4 Qe4 28. c5 Qg4 29.
h3 Qg6 30. Qe5 Qh6 31. b5 f6 32. Qh2 e5 33. c6 bxc6 34. bxc6 Rc7 35. Rc2 Qe3 36.
Rdc1 Rgc8 37. Qg1 Qxg1+ 38. Kxg1 Kg7 39. Kf2 Kf7 40. Ke3 Ke6 41. g4 fxg4 42. hxg4 Kd6 43.
Rd1+ Ke6 44. Rdc1 f5 45. gxf5+ Kxf5 46. Rc5 Rb8 47. R1c3 Rb6 48. R5c4 h5 49. a4 a5 50. Rc5 h4 51. Kf3 Rb4 52. Kg2 Rxa4 53. Re3 Re4 54.
Rf3+ Rf4 55. Re3 Kf6 56. Rcxe5 Rxc6 57. Rxa5 Rc2+ 58. Kg1 Rg4+ 59. Kh1 Rd4 60. Re1 Rdd2 61. Rf1+ Rf2 62. Rxf2+ Rxf2 63. Kg1 Rb2 64. Kh1 Kg6 65. Kg1 Rd2 66. Kh1 Rf2 67. Kg1 Rf5 68. Rxf5 Kxf5 69.
Kg2 Kg4 1/2-1/2

[Event "Early-Titled-Tuesday-Blitz-May-14-2024"]
[Site "Chess.com"]
[Date "2024.05.14"]
[Round "4"]
[White "rionelG"]
[Black "Resourchess"]
[Result "1/2-1/2"]
[WhiteElo "2272"]
[BlackElo "2404"]
[TimeControl "180+1"]
[EndTime "8:42:11 PDT"]
[Termination "Game drawn by repetition"]

1. e4 d6 2. d4 g6 3. Bd3 Bg7 4. c3 Nf6 5. h3 O-O 6. Nf3 c5 7. O-O Nc6 8. Re1 e5 9. dxe5 dxe5 10. Be3 Qe7 11. Qc2 h6 12. Nbd2 Be6 13. Nf1 Kh7 14.
Rad1 a6 15. Ng3 b5 16. Bf1 Rad8 17. b3 Rxd1 18. Rxd1 Ne8 19. a4 Nc7 20. axb5 axb5 21. Ra1 Rd8 22. Be2 c4 23. bxc4 Bxc4 24. Nh2 Bxe2 25. Nxe2 Ne6 26. Rd1 b4 27. Rxd8 Qxd8 28. cxb4 Nxb4 29. Qd2 Qa5 30. Nf1 h5 31. f3 Qa4 32. Nc3 Qb3 33. Nd5 Nc2 34. Bf2 Ncd4 35. Qe3 Qd1 36. Qe1 Qb3 37. Qe3 Qa2 38. Kh2 Bh6 39.
Qe1 Nf4 40. Nxf4 Bxf4+ 41. Kg1 Ne2+ 42. Kh1 Qc2 43. Be3 Bxe3 44. Nxe3 Qd3 45. Qf2 Nf4 46. Kh2 Qb1 47. Nf1 Qd3 48. Ng3 Qd6 49. Nf1 Qe6 50.
Ng3 Qd6 51. Nf1 Qe6 52. Kg1 g5 53. Ng3 Qc4 54. Nf1 Kg6 55. Kh2 h4 56. Ne3 Qc1 57. Nf5 Nd3 58. Qe2 Qf4+ 59. Kg1 Qc1+ 60. Kh2 Qf4+ 61. Kg1 Qc1+ 62. Kh2 1/2-1/2

[Event "Early-Titled-Tuesday-Blitz-May-14-2024"]
[Site "Chess.com"]
[Date "2024.05.14"]
[Round "4"]
[White "AnaKuchava"]
[Black "chess_blitz00"]
[Result "0-1"]
[WhiteElo "2201"]
[BlackElo "2475"]
[TimeControl "180+1"]
[EndTime "8:42:12 PDT"]
[Termination "chess_blitz00 won on time"]

1. d4 d6 2. Nf3 Bg4 3. c4 Nc6 4. Nc3 e5 5. d5 Bxf3 6. exf3 Nd4 7. Be3 Nf5 8. Bd3 Nxe3 9. fxe3 g6 10. O-O Bh6 11.
f4 Qe7 12. Qf3 O-O-O 13. Rae1 f5 14. fxe5 dxe5 15. e4 f4 16. a3 Kb8 17. b4 Nf6 18. c5 g5 19. Qd1 g4 20. Qa4 c6 21. d6 Qg7 22. b5 Qd7 23. Rb1 Rc8 24. Rfc1 f3 25. Rc2 Be3+ 26. Kh1 Bxc5 27. bxc6 Qxc6 28.
Nb5 Nh5 29. Rbc1 fxg2+ 30. Kxg2 Nf4+ 31. Kg3 Nxd3 32. Rxc5 Qb6 33. Rxc8+ Rxc8 34. Rxc8+ Kxc8 35. Nxa7+ Kd8 36. Qc4 Qe3+ 37. Kh4 Qf2+ 38. Kh5 Nf4+ 39. Kg5 Nh3+ 40. Kh6 Qf6+ 41. Kxh7 Ng5+ 42. Kg8 Qf7+ 43. Qxf7 Nxf7 44. Kxf7 Kd7 45. Nb5 Kc6 46. Ke7 g3 47. d7 gxh2 48. d8=Q h1=Q 49. Qd6+ Kxb5 50. Qd5+ Ka6 51.
Qxe5 b5 52. Qd6+ Ka5 53. Qb4+ Kb6 54. Kd6 Qh6+ 55. Kd5 Qg5+ 56. e5 Qg8+ 57. e6 Qd8+ 58. Ke5 Qg5+ 59. Kd6 Qf6 60. Qc5+ Ka5 61. Qb4+ Kb6 62.
Qc5+ Ka6 63. Qa7+ Kxa7 0-1

[Event "Early-Titled-Tuesday-Blitz-May-14-2024"]
[Site "Chess.com"]
[Date "2024.05.14"]
[Round "4"]
[White "FXDon77"]
[Black "jaskol95"]
[Result "1-0"]
[WhiteElo "2874"]
[BlackElo "2528"]
[TimeControl "180+1"]
[EndTime "8:42:14 PDT"]
[Termination "FXDon77 won by checkmate"]

1. e4 e6 2. d3 c5 3. g3 Nc6 4. Bg2 Nf6 5. Nd2 g6 6. Ngf3 Bg7 7. O-O O-O 8. c3 b6 9. Re1 Bb7 10. a3 d6 11. d4 cxd4 12. cxd4 Rc8 13. b4 Qd7 14.
Bb2 Rfd8 15. Rc1 Ne7 16. Qe2 Rxc1 17. Rxc1 Rc8 18. Rxc8+ Qxc8 19. Ne1 d5 20. e5 Nd7 21. Bf1 Bh6 22. b5 Nb8 23. a4 a5 24. f4 Nd7 25.
Qf3 Bf8 26. Bd3 Nf5 27. g4 Ne7 28. Nc2 Bh6 29. h4 Nf8 30. Ne3 Qc7 31. Kf2 Bc8 32. Ke2 Bg7 33. Ba3 Qd8 34. Qh1 Nd7 35. Qc1 Bf8 36. Bd6 Bb7 37. Nb3 Qc8 38. Qxc8 Nxc8 39. Bxf8 Kxf8 40. f5 Ke7 41. f6+ Kf8 42. Kf3 Ke8 43.
Kf4 Kf8 44. Kg5 Kg8 45. Kh6 Nf8 46. Nd2 Na7 47. Nf3 Nc8 48. Ng5 Na7 49. h5 Nc8 50.
Ng2 Na7 51. Nf4 Nc8 52. hxg6 hxg6 53. Bc2 Na7 54. Nxf7 Kxf7 55. Nxg6 Nd7 56. g5 Nc8 57. Kh7 Nf8+ 58. Nxf8 Kxf8 59. g6 Ne7 60. fxe7+ Kxe7 61. g7 Kd7 62. g8=Q Kc7 63. Qf7+ Kb8 64. Qxe6 Ka7 65.
Qd6 Bc8 66. Qc7+ Bb7 67. Bb3 Ka8 68. e6 Bc8 69. Qxc8+ Ka7 70. Qc7+ Ka8 71. Bxd5# 1-0

[Event "Early-Titled-Tuesday-Blitz-May-14-2024"]
[Site "Chess.com"]
[Date "2024.05.14"]
[Round "4"]
[White "bubeliang"]
[Black "balack95"]
[Result "1/2-1/2"]
[WhiteElo "2836"]
[BlackElo "2516"]
[TimeControl "180+1"]
[EndTime "8:42:15 PDT"]
[Termination "Game drawn - insufficient material"]

1. a4 g6 2. Ra3 Bg7 3. g3 c5 4.
Bg2 d5 5. Nf3 Nf6 6. O-O O-O 7. d3 Nc6 8. Nbd2 e5 9. e4 d4 10. Nc4 Bg4 11. h3 Bxf3 12. Bxf3 h5 13. Kg2 Re8 14. Bg5 Qc7 15. Bxf6 Bxf6 16. h4 Kg7 17.
Rh1 Rh8 18. a5 b5 19. axb6 axb6 20. Qa1 Rxa3 21. Qxa3 b5 22. Nd2 Nb4 23. Qb3 Ra8 24. c3 Nxd3 25. Qxb5 c4 26. Qxc4 Qxc4 27. Nxc4 dxc3 28.
bxc3 Rc8 29. Nd6 Rd8 30. Nb5 Rb8 31. c4 Be7 32. Rd1 Nc5 33. Rd5 Kf6 34. Rd2 Rd8 35. Ra2 Nd3 36. Kf1 Bc5 37. Rd2 Ke7 38. Nc7 Nb4 39.
Nd5+ Nxd5 40. cxd5 Ra8 41. Rc2 Kd6 42. Kg2 Ra3 43. Rb2 Ra7 44. Be2 Bd4 45. Rc2 Bc5 46. Bb5 Ra5 47. Bc6 Ra7 48. Rb2 Kc7 49. Be8 Kd6 50.
Kh3 f5 51. Bxg6 fxe4 52. Bxe4 Rf7 53. f3 Rg7 54. g4 hxg4+ 55. fxg4 Rf7 56. g5 Ra7 57. Kg4 Ra3 58. h5 Re3 59. Bf5 Kxd5 60. h6 Re1 61. Kh5 Rh1+ 62. Kg6 e4 63. Ra2 e3 64. h7 Bd4 65. Kf7 Ke5 66. Ra5+ Kf4 67.
Ra4 Kxf5 68. Rxd4 Kxg5 69. Kg7 Kf5 70. Rd8 Kf4 71. Rd6 Rxh7+ 72. Kxh7 e2 73. Re6 Kf3 74. Kg6 Kf2 75. Kf5 e1=Q 76. Rxe1 Kxe1 1/2-1/2

[Event "Early-Titled-Tuesday-Blitz-May-14-2024"]
[Site "Chess.com"]
[Date "2024.05.14"]
[Round "4"]
[White "VerdeNotte"]
[Black "ketster"]
[Result "0-1"]
[WhiteElo "2854"]
[BlackElo "2636"]
[TimeControl "180+1"]
[EndTime "8:42:16 PDT"]
[Termination "ketster won by resignation"]

1. Nf3 Nf6 2. b3 d5 3. Bb2 c5 4. e3 e6 5. g3 Be7 6. Bg2 O-O 7.
O-O Nc6 8. c4 d4 9. exd4 cxd4 10. Re1 Ne8 11. Ne5 Nxe5 12. Rxe5 f6 13. Re1 e5 14. d3 Rb8 15. Ba3 a5 16. Qd2 Nd6 17.
f4 Nf5 18. fxe5 fxe5 19. Rxe5 Bxa3 20. Nxa3 Ne3 21. Re1 Qd6 22. Rxa5 b6 23. Nb5 Qf6 24. Ra7 Bg4 25. Nc7 Bf3 26. Nd5 Bxd5 27. Bxd5+ Kh8 28. Bg2 Rbe8 29. h3 Qg5 30. g4 h5 31. Rd7 hxg4 32. h4 Qxh4 33. Rxd4 Nxg2 34. Rxe8 Rxe8 35. Re4 Rxe4 36. dxe4 Qe1+ 37. Qxe1 Nxe1 38. Kf2 Nd3+ 39. Kg3 Ne5 40. a4 Kg8 41. c5 bxc5 42. a5 Nc6 43. a6 Kf7 44. Kxg4 Ke6 45. Kf4 g6 46. Kf3 Ke5 47. Ke3 g5 48. Kd3 g4 49. Kc4 g3 50. Kxc5 Na7 51. Kb6 g2 52. Kxa7 g1=Q+ 53. Kb7 Qg7+ 54. Kb6 Qf6+ 55. Kb7 Qe7+ 56. Kb6 Qe6+ 57.
Kb7 Qxb3+ 58. Kc7 Qc4+ 59. Kb6 Qb4+ 60. Kc6 Qc4+ 61. Kb6 Kd6 62. e5+ Kd7 63. a7 Qc7+ 64. Ka6 Qc6+ 65. Ka5 Qa8 66. Kb6 Ke6 67. Ka6 Kxe5 68.
Kb6 Kd6 0-1

[Event "Early-Titled-Tuesday-Blitz-May-14-2024"]
[Site "Chess.com"]
[Date "2024.05.14"]
[Round "4"]
[White "campochess"]
[Black "fmAguilar1"]
[Result "1-0"]
[WhiteElo "2111"]
[BlackElo "2324"]
[TimeControl "180+1"]
[EndTime "8:42:17 PDT"]
[Termination "campochess won by resignation"]

1. c4 e5 2. Nc3 Nf6 3. g3 c6 4.
Bg2 d5 5. cxd5 cxd5 6. d4 exd4 7. Qxd4 Nc6 8. Qd1 d4 9. Nb1 Bb4+ 10. Nd2 O-O 11. a3 Ba5 12. Nf3 Re8 13. O-O Bf5 14. b4 Bb6 15. Nb3 d3 16. e3 Bg4 17. Bd2 Qd5 18.
h3 Be6 19. Rb1 Qd7 20. Nc5 Bxc5 21. bxc5 Rad8 22. Nd4 Nxd4 23. exd4 Qxd4 24. Rxb7 Qxc5 25. Be3 Qxa3 26. Rxa7 Qb3 27. Qd2 Qc2 28. Rd1 Bb3 29. Rda1 Bd5 30. Bf1 Qxd2 31. Bxd2 Bf3 32. R7a3 Be4 33.
f3 Bg6 34. g4 h6 35. h4 Rd7 36. Kf2 Red8 37. Rc1 h5 38. g5 Ne8 39. Re1 Nc7 40. Bh3 Rd4 41. f4 Be4 42. Ke3 Rc4 43. Kf2 Nd5 44.
Ra2 Rdc8 45. Bxc8 Rxc8 46. Rxe4 Rc2 47. Rxc2 dxc2 48. Rd4 Nb6 49. Ke3 g6 50. Kd3 Kf8 51. Kxc2 Ke7 52. Kd3 Ke6 53. Bb4 Kf5 54. Bc5 Na8 55.
Ke3 Nc7 56. Rd6 Ne6 57. Rxe6 fxe6 58. Bd6 Kg4 59. Ke4 Kxh4 60. Ke5 Kg4 61. Kxe6 h4 62. Kf6 Kh5 63. f5 gxf5 64. g6 Kh6 65. g7 Kh7 66. Kf7 1-0

[Event "Early-Titled-Tuesday-Blitz-May-14-2024"]
[Site "Chess.com"]
[Date "2024.05.14"]
[Round "4"]
[White "KogotBobra17"]
[Black "kuchma777"]
[Result "1/2-1/2"]
[WhiteElo "2684"]
[BlackElo "2527"]
[TimeControl "180+1"]
[EndTime "8:42:25 PDT"]
[Termination "Game drawn - insufficient material"]

1. e4 c6 2. d4 d5 3. exd5 cxd5 4. Bd3 Nc6 5. c3 Nf6 6. h3 g6 7.
Nf3 Bf5 8. Be2 Bg7 9. O-O O-O 10. Bf4 Rc8 11. Nbd2 a6 12. Nb3 Na5 13. Ne5 h5 14.
Nc5 Ne4 15. Ned3 Nxc5 16. Nxc5 e5 17. Be3 Qc7 18. dxe5 Nc4 19. Bxc4 dxc4 20. g4 hxg4 21. hxg4 Rfd8 22. Qf3 Bd3 23. Nxd3 cxd3 24. e6 fxe6 25. Rfd1 Rd5 26. Qe4 Qd7 27. Qxg6 Rc6 28. Bh6 e5 29.
Qxg7+ Qxg7 30. Bxg7 Kxg7 31. f3 Rf6 32. Kg2 Rc6 33.
Rd2 Kf6 34. Rad1 Rb6 35. b3 Rbd6 36. Kf2 Kg5 37. Ke3 Ra5 38. a4 Rb6 39. Rb2 Rxa4 40. bxa4 Rxb2 41. Rxd3 Ra2 42. Rd5 Kf6 43. a5 Ke6 44.
Rc5 Kd6 45. Rc8 Rxa5 46. g5 Ra1 47. Kf2 Ke6 48. Rc7 b5 49. g6 Ra2+ 50. Kg3 Ra1 51. Kg2 Ra2+ 52. Kg3 Ra1 53. Kg4 Kf6 54. Rc6+ Kg7 55.
Kf5 Rf1 56. Rc7+ Kg8 57. Rc8+ Kg7 58. Rc7+ Kg8 59. Kxe5 Rxf3 60. Ke6 a5 61. Rc5 a4 62. Rxb5 Rxc3 63. Kf6 Rc6+ 64. Kf5 Ra6 65. Rb8+ Kg7 66. Rb2 a3 67. Ra2 Ra5+ 68. Ke4 Kxg6 69. Kd3 Kf5 70.
Kc3 Ke4 71. Kb3 Ra7 72. Rxa3 Rxa3+ 73. Kxa3 1/2-1/2

[Event "Early-Titled-Tuesday-Blitz-May-14-2024"]
[Site "Chess.com"]
[Date "2024.05.14"]
[Round "4"]
[White "SaqoChess_Twitch"]
[Black "IndianSchoolOfSuffering"]
[Result "0-1"]
[WhiteElo "2669"]
[BlackElo "2506"]
[TimeControl "180+1"]
[EndTime "8:42:25 PDT"]
[Termination "IndianSchoolOfSuffering won by checkmate"]

1. d4 Nf6 2. c4 e6 3. Nc3 Bb4 4. e3 O-O 5. a3 Bxc3+ 6. bxc3 c5 7. Bd3 d6 8. Ne2 Nc6 9. O-O b6 10. e4 Ba6 11. f4 Na5 12. f5 Bxc4 13. Bg5 e5 14. d5 h6 15. Bh4 Bxd3 16. Qxd3 g5 17. fxg6 fxg6 18. Qe3 Kg7 19. Qh3 Qc8 20. Qe3 Nc4 21.
Qd3 b5 22. Ng3 Qd7 23. a4 Nh7 24. axb5 Nb6 25. c4 Rxf1+ 26. Rxf1 a6 27. bxa6 Rxa6 28. Qf3 Ra8 29. Bf6+ Kg8 30. Qe3 Rf8 31. Qxh6 Rxf6 32. Rxf6 Nxf6 33. Qxg6+ Qg7 34. Qxg7+ Kxg7 35. Nf5+ Kf7 36.
Nxd6+ Ke7 37. Nf5+ Kd7 38. Ne3 Nxe4 39. h4 Nd6 40. h5 Nbxc4 41. Ng4 Nf7 42. h6 Kd6 43. h7 Kxd5 44. Nh6 Nh8 45. g4 Nd6 46. g5 c4 47. Kf2 Kd4 48. Ke2 c3 49. Ng4 Nc4 50.
Nf2 c2 51. Nd3 e4 52. Nc1 Kc3 53. Ke1 Kb2 54. Ne2 c1=Q+ 55. Nxc1 Kxc1 56. Ke2 Kc2 57. Ke1 Kc3 58. Kf2 Kd3 59. Ke1 e3 60. Kd1 Ne5 61. Ke1 Nf3+ 62. Kf1 Nxg5 63. Ke1 Nxh7 64. Kf1 Nf6 65. Kg2 Ng6 66. Kf3 e2 67. Kf2 Kd2 68. Kg2 Nd5 69. Kf3 Ne5+ 70. Ke4 Nc6 71. Kf5 Nb8 72. Ke6 Nb6 73. Kd6 Na8 74. Kc5 e1=Q 75.
Kd5 Qe3 76. Kd6 Qf4+ 77. Kc5 Na6+ 78. Kc6 Nb4+ 79. Kb7 Nc2 80. Kc6 Ne1 81. Kb7 Nb6 82. Kc6 Nc4 83. Kc5 Nb2 84. Kb5 Kc3 85. Kc5 Qe5+ 86.
Kb6 Kb4 87. Kc6 Nd1 88. Kd7 Qf6 89. Ke8 Qg7 90. Kd8 Kc5 91. Kc8 Kc6 92. Kb8 Qb7# 0-1

[Event "Early-Titled-Tuesday-Blitz-May-14-2024"]
[Site "Chess.com"]
[Date "2024.05.14"]
[Round "4"]
[White "DreamsAreFake"]
[Black "WilsonPalencia21"]
[Result "0-1"]
[WhiteElo "2757"]
[BlackElo "2600"]
[TimeControl "180+1"]
[EndTime "8:42:26 PDT"]
[Termination "WilsonPalencia21 won by resignation"]

1. Nf3 g6 2. g3 Bg7 3. d4 c5 4. c3 Nf6 5. Bg2 O-O 6. O-O d6 7. Nbd2 Nc6 8. dxc5 dxc5 9. e4 Bg4 10. h3 Be6 11. Qe2 h6 12. Rd1 Qc8 13. Kh2 Rd8 14. b3 c4 15. Bb2 cxb3 16. axb3 Nd7 17. Nc4 Nc5 18. b4 Rxd1 19. Rxd1 Na4 20. Ne3 Bxc3 21.
Bc1 Bg7 22. Bd2 a6 23. Nd5 Qf8 24. Nc7 Rd8 25. Nxe6 fxe6 26. Qc4 Qf7 27. Rc1 Nb2 28. Qb3 Nd3 29. Rf1 b5 30. h4 Nde5 31. Bc1 Nxf3+ 32. Bxf3 Nd4 33. Qa2 Qxf3 34. Bb2 Qxe4 35. Qxa6 Nf3+ 36. Kh3 Qf5+ 37. Kg2 Qg4 38. Bxg7 Kxg7 39. Qa1+ e5 40. Qa7 Kf7 41. Qe3 Nxh4+ 42. Kh2 Nf5 43. Qxe5 Qh5+ 44.
Kg1 Rd1 45. Qxb5 Rxf1+ 46. Qxf1 Qf3 47. Qc4+ e6 48. b5 Qd5 49. Qc7+ Kf6 50. b6 Nd6 51.
Qd8+ Kf5 52. Qf8+ Ke4 53. Qxh6 Qd1+ 54. Kg2 Qf3+ 55. Kg1 Qf5 56. Qg7 Qd5 57. Qxg6+ Kd4 58. g4 Kc5 59. Qb1 Kc6 60. Qb4 Nb5 61. Qf4 Kxb6 62.
g5 Nd4 63. Qe3 Qxg5+ 64. Kf1 Qxe3 65. fxe3 Nc6 66. Ke2 Kc5 67. Kf3 Kd6 68. Kf4 e5+ 69. Ke4 Ke6 70. Kd3 Ne7 71. Kc4 Nf5 72. Kd3 Nd6 73.
Kc3 Kd5 74. Kd3 e4+ 75. Kc3 Ke5 76. Kd2 Nf5 77. Ke2 Ng3+ 78. Kf2 Nh5 79. Ke2 Nf6 80. Kd2 Nd5 81. Ke2 Kf5 82. Kd2 Kg4 83. Ke2 Kg3 84. Kf1 Kf3 85. Ke1 Kxe3 86. Kd1 Kd3 87. Ke1 e3 88. Kd1 Nc3+ 89. Ke1 Ne4 90. Kd1 Nc5 91. Ke1 Ne6 92. Kd1 Nd4 93. Ke1 Nf3+ 94. Kf1 e2+ 95. Kf2 e1=Q+ 96. Kg2 Qe2+ 97. Kg3 Nd2 98. Kf4 Qe3+ 99. Kf5 Qe4+ 100. Kf6 Qd5 101. Kg7 Ke4 102. Kf8 Kf4 103. Ke7 Qc6 104. Kd8 Qb7 0-1

[Event "Early-Titled-Tuesday-Blitz-May-14-2024"]
[Site "Chess.com"]
[Date "2024.05.14"]
[Round "4"]
[White "average_trans"]
[Black "karinachess1"]
[Result "0-1"]
[WhiteElo "2346"]
[BlackElo "2599"]
[TimeControl "180+1"]
[EndTime "8:42:26 PDT"]
[Termination "karinachess1 won by resignation"]

1. e3 e5 2. c4 Nf6 3. Nc3 d5 4. cxd5 Nxd5 5. Nxd5 Qxd5 6. b3 Nc6 7. Bb2 Be7 8. Bc4 Qxg2 9. Qf3 Qxf3 10. Nxf3 f6 11.
Rg1 g6 12. O-O-O Bd7 13. d4 exd4 14. exd4 O-O-O 15. Rge1 Bb4 16. Re3 Rhf8 17. a3 Bd6 18. Kb1 Bf5+ 19. Ka2 Bf4 20. Ree1 Rfe8 21. Rxe8 Rxe8 22.
Bb5 Bg4 23. d5 Bxf3 24. dxc6 Bxd1 25. cxb7+ Kxb7 26. Bxe8 Be5 27. b4 Kc8 28. Bxe5 fxe5 29. Kb2 Kd8 30. Bf7 Ke7 31. Bc4 Kd6 32. Kc3 h6 33.
Bf7 g5 34. Bg6 Ba4 35. Kd3 Bc6 36. Kc4 Bd7 37. Kd3 c5 38. Kc4 cxb4 39. axb4 Ba4 40. Be4 Bc6 41. Bg6 Bf3 42. Bf5 h5 43. Bg6 h4 44.
Bf5 Be2+ 45. Kc3 Kc6 46. Bg6 Kb5 47. Be8+ Kb6 48. Bd7 Bb5 49. Be6 Kc6 50. Bf7 Kd6 51. Bg6 Kd5 52. Bf5 e4 53. Bg6 Ke5 54. Bh7 Bc6 55. Kd2 Kd4 56. Bg8 Bd5 57. Bh7 Kc4 58.
Ke3 Kxb4 59. Kd4 Bc6 60. Ke5 a5 61. Kf6 Bd5 62. Ke5 a4 63. Kd4 a3 64. Bxe4 Bxe4 65. Ke5 a2 0-1

[Event "Early-Titled-Tuesday-Blitz-May-14-2024"]
[Site "Chess.com"]
[Date "2024.05.14"]
[Round "4"]
[White "malakismayil"]
[Black "simaopdias"]
[Result "1-0"]
[WhiteElo "2527"]
[BlackElo "2274"]
[TimeControl "180+1"]
[EndTime "8:42:28 PDT"]
[Termination "malakismayil won on time"]

1. e4 c5 2. Nf3 g6 3. d4 cxd4 4. Qxd4 Nf6 5. e5 Nc6 6. Qa4 Nd5 7. Bb5 Bg7 8. Bxc6 dxc6 9. O-O O-O 10. c4 Nb6 11. Qb3 Be6 12. Nbd2 Qc7 13. Qc3 Nd7 14. Re1 a5 15. Nb3 a4 16. Nbd4 Nc5 17. Nxe6 Nxe6 18.
Be3 b6 19. Rad1 Rfd8 20. h4 h6 21. Qc1 Kh7 22. Qc3 Rxd1 23. Rxd1 Rd8 24. Rxd8 Qxd8 25.
Qd2 Qc7 26. h5 Nf8 27. hxg6+ Nxg6 28. Qb4 c5 29. Qxa4 Nxe5 30. Qc2+ Kg8 31. Qe4 Qd6 32. Nxe5 Qxe5 33. Qxe5 Bxe5 34. b3 Kg7 35. Kf1 Kg6 36. Ke2 h5 37. Kd3 Kf5 38. f3 Bg3 39. a3 Bd6 40. Bd2 e5 41. b4 Ke6 42. b5 f5 43. Bg5 Bc7 44. a4 Kd6 45. Bf6 Ke6 46. Bh4 Kd6 47. Bg3 Ke6 48. Bf2 Kf6 49. a5 Ke6 50. a6 Bb8 51. Bxc5 Ba7 52. Bf2 Kd6 53. Be3 Ke6 54. Bc1 Kd6 55. Ba3+ Ke6 56. Bb4 Kd7 57. Bc3 Ke6 58. c5 bxc5 59. Ba5 Kd5 60. b6 c4+ 61.
Kc2 Bxb6 62. Bxb6 Kc6 63. a7 Kb7 64. Kc3 h4 65. Kxc4 1-0

[Event "Early-Titled-Tuesday-Blitz-May-14-2024"]
[Site "Chess.com"]
[Date "2024.05.14"]
[Round "4"]
[White "grozdanovic_a"]
[Black "subham777"]
[Result "0-1"]
[WhiteElo "2326"]
[BlackElo "2532"]
[TimeControl "180+1"]
[EndTime "8:42:30 PDT"]
[Termination "subham777 won by resignation"]

1. d4 d5 2. Nf3 Nf6 3. g3 e6 4. Bg2 Be7 5. O-O O-O 6. c4 Ne4 7. Nc3 f5 8. Qc2 c6 9. Rb1 a5 10. Ne5 Nd7 11. Nxd7 Bxd7 12. a3 Bf6 13. e3 Rc8 14. c5 b5 15. cxb6 Qxb6 16. Na4 Qa7 17. Bxe4 fxe4 18. Nc5 e5 19. Nxd7 Qxd7 20. dxe5 Bxe5 21.
Bd2 Qh3 22. Bxa5 h5 23. Bc3 Bb8 24. Qd2 Rc7 25. Be5 Rcf7 26. Bxb8 Rxb8 27. a4 h4 28.
a5 Rbf8 29. Qe2 c5 30. a6 Rf6 31. a7 R6f7 32. Ra1 Ra8 33. Qd2 Qe6 34. Rfd1 Rd7 35.
Ra5 h3 36. Rxc5 Raxa7 37. Rc8+ Kh7 38. Qe2 Qf5 39. Rdc1 Rf7 40. b4 Rab7 41. Rb1 Rb6 42. Rc5 Rbf6 43. Rf1 Qe5 44. Qg4 Rh6 45. b5 Qd6 46. Rc6 Qd7 47. Qxd7 Rxd7 48. Rxh6+ gxh6 49. Rb1 Kg6 50. b6 Rb7 51. Kf1 Kf6 52. Ke2 Ke6 53.
Kd2 Kd6 54. Kc3 Kc5 55. Rb2 h5 56. Ra2 Rxb6 57. Ra5+ Kd6 58. Kd4 Rb4+ 59. Kc3 Rc4+ 60. Kd2 Ke5 61. Ra8 Rb4 62. Rh8 Rb2+ 63. Ke1 Rb1+ 64.
Ke2 Rb2+ 65. Kd1 Rxf2 66. Rxh5+ Kd6 67. Rh6+ Kc5 68. Rxh3 Kc4 69. Rh8 Kd3 70. Kc1 Kxe3 71.
h4 d4 72. h5 d3 73. Rd8 Rf1+ 74. Kb2 d2 75. h6 d1=Q 76. Rxd1 Rxd1 77. g4 Kf4 78. h7 Rh1 0-1

[Event "Early-Titled-Tuesday-Blitz-May-14-2024"]
[Site "Chess.com"]
[Date "2024.05.14"]
[Round "4"]
[White "LionKing2367890"]
[Black "MalyDominator"]
[Result "1-0"]
[WhiteElo "2263"]
[BlackElo "2645"]
[TimeControl "180+1"]
[EndTime "8:42:31 PDT"]
[Termination "LionKing2367890 won by resignation"]

1. e4 c5 2. Nf3 d6 3. d4 cxd4 4. Nxd4 Nf6 5. f3 Nc6 6. c4 e5 7. Nc2 Be7 8. Be3 O-O 9. Nc3 Be6 10. Be2 Rc8 11. O-O Nh5 12. Qd2 h6 13. Nd5 Bg5 14.
Bxg5 Qxg5 15. Qxg5 hxg5 16. g3 Bxd5 17. cxd5 Nd4 18. Nxd4 exd4 19. Rac1 Nf6 20. Rfd1 g4 21. Rxc8 Rxc8 22. Rxd4 Rc2 23. Kf1 gxf3 24. Bxf3 Rxb2 25. Ra4 a6 26. h4 Nd7 27. Ra3 Nc5 28. Rc3 f6 29. a3 Rb3 30. Rxb3 Nxb3 31. Ke2 Nd4+ 32.
Ke3 Nc2+ 33. Kd3 Nxa3 34. Bg4 b5 35. Kc3 a5 36. Be2 Kf7 37. Kb3 b4 38. Ka4 Nc2 39. Bd3 Ne1 40. Be2 Ke7 41. Kxa5 b3 42. Bc4 b2 43.
Ba2 Nd3 44. Ka4 Nc1 45. Ka3 Ne2 46. Kxb2 Nxg3 47. Bb1 Ne2 48. Kc2 Nd4+ 49. Kd3 Nf3 50. h5 Ne5+ 51. Ke3 Kf8 52. Bc2 Kg8 53. Bd1 Kh7 54. Kf4 Kh6 55. Kf5 Nc4 56. Ke6 Kg5 57.
Kf7 Kh6 58. Be2 Ne3 59. Ke6 Nc2 60. Kxd6 Nd4 61. Bd1 Nb5+ 62. Ke7 Nc3 63. d6 Nxd1 64. d7 Ne3 65. d8=Q Nf5+ 66. Kf7 Kxh5 67. Qh8+ Kg4 68. Qh7 Kf3 69. Qxf5+ Ke3 70. Kxg7 Kd2 71. Kxf6 1-0

[Event "Early-Titled-Tuesday-Blitz-May-14-2024"]
[Site "Chess.com"]
[Date "2024.05.14"]
[Round "4"]
[White "profedechess93"]
[Black "rudolfjun2005"]
[Result "1-0"]
[WhiteElo "2646"]
[BlackElo "2439"]
[TimeControl "180+1"]
[EndTime "8:42:32 PDT"]
[Termination "profedechess93 won by resignation"]

1. e4 c5 2. Nf3 Nc6 3. Bb5 g6 4. c3 e5 5. O-O Bg7 6. Re1 Nge7 7. d3 O-O 8. Bg5 a6 9. Bc4 d6 10. a4 Be6 11. Nbd2 h6 12. Be3 b6 13. b4 cxb4 14.
cxb4 Nxb4 15. Bxe6 fxe6 16. Qb3 Nbc6 17. Qxe6+ Kh7 18.
Rab1 Rb8 19. Rec1 b5 20. axb5 axb5 21. Qa2 Qd7 22. Qa6 b4 23. Qa4 Ra8 24. Qc2 Rfc8 25. Qb2 Qe6 26. Nc4 Rab8 27. Nb6 Rc7 28. Nc4 Rcb7 29. Nfd2 d5 30. exd5 Nxd5 31. Ne4 Nxe3 32. fxe3 Qd5 33. Qb3 Rd7 34. Rd1 Rf8 35. h3 Ra8 36.
Nb6 Qxb3 37. Rxb3 Rda7 38. Nxa8 Rxa8 39. Rc1 Ra6 40. Nc5 Rb6 41. Nd7 Ra6 42. Nc5 Rb6 43.
Ne6 Bf6 44. Rc5 Be7 45. Rd5 Kg8 46. Nc5 Kf7 47. Ne4 Ra6 48. Rd7 Ke6 49. Rb7 Bf8 50. Rb1 Ra3 51. Rc7 Kd5 52. Nf6+ Ke6 53. Rxc6+ Kf5 54.
e4+ Kf4 55. Rf1+ Kg5 56. Ng4 h5 57. Rxf8 hxg4 58. hxg4 b3 59. Rb6 Ra2 60. Rxb3 Kxg4 61. Rb1 Kg3 62. Rbf1 g5 63. R8f3+ Kg4 64. R3f2 Ra3 65.
Rf3 Ra2 66. Kh2 Rc2 67. Rg3+ Kh5 68. Rf5 Kh4 69. Rfxg5 Rxg2+ 70. Kh1 Rh2+ 71. Kg1 Rh1+ 72. Kf2 Rf1+ 73. Ke2 Rf2+ 74. Kd1 Rc2 75. R5g4+ Kh5 76. Kxc2 1-0